 Dungeon Crawl Stone Soup version 0.28-a0-664-gc179e30c89 (webtiles) character file.

Game seed: 2209971066421991978

75 demibob the Cudgeller (level 4, -1/28 HPs)
             Began as a Gargoyle Monk on Oct 16, 2021.
             Slain by a jelly (3 damage)
             ... on level 2 of the Dungeon.
             The game lasted 00:03:15 (2472 turns).

demibob the Cudgeller (Gargoyle Monk)               Turns: 2472, Time: 00:03:15

Health: -1/28      AC: 12    Str: 16    XL:     4   Next: 31%
Magic:  4/4        EV:  7    Int: 10    God:
Gold:   40         SH:  0    Dex: 12    Spells: 3/3 levels left

rFire   . . .      SeeInvis .   a - +0 mace
rCold   . . .      Faith    .   (no shield)
rNeg    + . .      Spirit   .   g - +0 chain mail
rPois   ∞          Reflect  .   (no helmet)
rElec   +          Harm     .   (no cloak)
rCorr   .          Rampage  .   h - +0 pair of gloves
Will    .....                   (no boots)
Stlth   ..........              f - amulet of magic regeneration
HPRegen 0.09/turn               (no ring)
MPRegen 0.34/turn               (no ring)

@: about to teleport, very slightly contaminated, invisible
A: sickness immunity, AC +3, negative energy resistance 1, electricity
resistance, torment resistance 1, petrification resistance
a: no special abilities


You were on level 2 of the Dungeon.
You visited 1 branch of the dungeon, and saw 2 of its levels.

You collected 40 gold pieces.


Innate Abilities, Weirdness & Mutations

You are immune to sickness and miasma.
Your stone body is resilient. (AC +3)
You are immune to poison.
You resist negative energy. (rN+)
You are resistant to electric shocks. (rElec)
You are resistant to unholy torment.
You are immune to petrification.


   Skills:
 - Level 3.2 Fighting
 + Level 4.6 Maces & Flails
 + Level 0.5 Armour
 - Level 2.7 Dodging
 - Level 2.1 Stealth


You had 3 spell levels left.
You didn't know any spells.
Your spell library contained the following spells:

 Spells                   Type           Power      Damage    Failure   Level
 Slow                     Hex            0%         N/A       100%        2
 Confusing Touch          Hex            0%         N/A       100%        3
 Dazzling Flash           Conj/Hex       0%         N/A       100%        3
 Vampiric Draining        Necr           0%         2d6       100%        3
 Agony                    Necr           0%         N/A       100%        5
 Silence                  Hex/Air        0%         N/A       100%        5

Inventory:

Hand Weapons
 a - a +0 mace (weapon)
Armour
 g - a +0 chain mail (worn)
 h - a +0 pair of gloves (worn)
Jewellery
 f - an amulet of magic regeneration (around neck)
Scrolls
 i - a scroll of amnesia {unknown}
Potions
 e - a potion of ambrosia {unknown}

Dungeon Overview and Level Annotations

Branches:
Dungeon (2/15)

Altars:
Hepliaklqana

###.##.######.........
##############....#..⚑.'.....##..
##.....).........##.####[...###..
†..#############.............>'..
##.# ##########..#####.#.. ...#
##.#########.<.....#.. ####
#.#.#....########..#..
#.#.#..(..##.#####.#..
#)#'#@.....'.#......##
#.#.J......'........##
#.#.....[..)..........
#.#.......##.#........
.##......#####.......) # ########
#........ #........ #........
#####....


You could see a jelly.


Message History

You hit the jelly but do no damage.
Your hands burn!
The jelly hits you but does no damage.
You thump the jelly!
Your hands burn!
The jelly is moderately wounded.
The jelly hits you but does no damage.
You hit the jelly.
Your hands burn!
* * * LOW HITPOINT WARNING * * *
The jelly is heavily wounded.
The jelly hits you.
* * * LOW HITPOINT WARNING * * *
You are splashed with acid!
* * * LOW HITPOINT WARNING * * *
The jelly barely misses you.
You feel better. The jelly hits you but does no damage.
It was a potion of invisibility.
You fade into invisibility!
The jelly barely misses you.
You are very lightly contaminated with residual magic.
You hit the jelly.
Your hands burn!
* * * LOW HITPOINT WARNING * * *
The jelly is severely wounded.
The jelly hits you.
* * * LOW HITPOINT WARNING * * *
You are splashed with acid!
* * * LOW HITPOINT WARNING * * *
Unknown command.
There is an open door here.
As you read the scroll of teleportation {@r2}, it crumbles to dust.
You feel strangely unstable. The jelly hits you.
You die...

Skill      XL: |  1  2  3 |
---------------+----------+-----
Maces & Flails | 4 |  4.6
Fighting       | |  3.2
Armour         | |  0.5
Dodging        | |  2.7
Stealth        | |  2.1

Action                   |  1- 3 |  4- 6 || total
-------------------------+-------+-------++-------
Melee: Mace              |   108 |    66 ||   174
  Use: Scroll            |     3 |     1 ||     4
       Potion            |       |     2 ||     2
 Stab: Sleeping          |     3 |       ||     3
       Distracted        |     1 |       ||     1
Armor: Robe              |    49 |     3 ||    52
       Chain mail        |       |    27 ||    27
Dodge: Dodged            |   104 |    40 ||   144

Levels and vault maps discovered:
D:1:      dpeg_arrival_arbitrary_a, layout_basic
D:2:      cheibrodos_fertilizer, layout_basic, basic_ecumenical_altar,
          basic_altar, uniq_crazy_yiuf_cottage

Notes
Turn   | Place    | Note
-------+----------+-------------------------------------------
     0 | D:1      | demibob the Gargoyle Monk began the quest for the Orb.
     0 | D:1      | Reached XP level 1. HP: 14/14 MP: 1/1
   544 | D:1      | Reached XP level 2. HP: 19/19 MP: 2/2
  1417 | D:2      | Reached XP level 3. HP: 14/23 MP: 3/3
  1582 | D:2      | Reached skill level 4 in Maces & Flails
  1948 | D:2      | Reached XP level 4. HP: 24/28 MP: 4/4
  2096 | D:2      | Found a faded altar of an unknown god.
  2139 | D:2      | Found a hazy altar of Hepliaklqana.
  2461 | D:2      | HP: 1/28 [acid (9)]
  2472 | D:2      | Slain by a jelly

Vanquished Creatures
  2 adders (D:2)
  2 worms (D:2)
  7 ball pythons
  5 bats
  5 endoplasms
  A giant cockroach (D:2)
  2 goblins
  3 hobgoblins
  4 jackals (D:2)
  2 quokkas (D:2)
  3 frilled lizards
  9 kobolds (D:2)
  6 rats
51 creatures vanquished.

Vanquished Creatures (others)
  7 toadstools (D:2)
7 creatures vanquished.

Grand Total: 58 creatures vanquished

Table legend: (Time is in decaauts)
 A = Elapsed time spent in this place.
 B = Non-inter-level travel time spent in this place.
 C = Inter-level travel time spent in this place.
 D = Time resting spent in this place.
 E = Time spent auto-exploring this place.
 F = Levels seen in this place.
 G = Mean time per level.
                   A        B        C        D        E       F      G
               +--------+--------+--------+--------+--------+-----+--------+
         Total |   2506 |   2475 |     31 |    666 |   1305 |   2 | 1253.0 |
       Dungeon |   2506 |   2475 |     31 |    666 |   1305 |   2 | 1253.0 |
               +--------+--------+--------+--------+--------+-----+--------+

Top non-repeatable levels by time:
     D:1: 1325 daAuts
     D:2: 1180 daAuts

Table legend:
 A = Non-vault XP
 B = Vault XP
 C = Vault XP percentage of total XP
 D = Non-vault monster count
 E = Vault monster count
 F = Vault count percentage of total count
                 A         B        C        D         E       F
            +---------+---------+-------+---------+---------+-------
      Total |      98 |      10 |   9.3 |      43 |       8 |  15.7
            +---------+---------+-------+---------+---------+-------
        D:1 |      23 |       0 |   0.0 |      13 |       0 |   0.0
        D:2 |      75 |      10 |  11.8 |      30 |       8 |  21.1
            +---------+---------+-------+---------+---------+-------
